 Dungeon Crawl Stone Soup version 0.17-a0-1718-g72dbe4d (webtiles) character file.

145 karlkraus the Shield-Bearer (level 5, -7/46 HPs)
             Began as a Minotaur Fighter on Aug 24, 2015.
             Killed by divine providence
             ... invoked by an orc priest
              (10 damage)
             ... on level 3 of the Dungeon.
             The game lasted 00:03:20 (1486 turns).

karlkraus the Shield-Bearer (Minotaur Fighter)      Turns: 1486, Time: 00:03:20

Health: -7/46      AC:  7    Str: 20    XL:     5   Next: 6%
Magic:  4/4        EV:  8    Int:  5    God:
Gold:   123        SH: 10    Dex: 11    Spells: 0 memorised, 4 levels left

rFire  . . .     SeeInvis .     a - +0 flail
rCold  . . .     Clarity  .     b - +0 scale mail
rNeg   . . .     SustAt   .     c - +0 shield
rPois  .         Gourm    .     (helmet restricted)
rElec  .         Spirit   .     (no cloak)
rCorr  .         Warding  .     (no gloves)
rMut   .         Stasis   .     (no boots)
MR     .....                    (no amulet)
Stlth  ..........               (no ring)
                                (no ring)

@: not resistant to hostile enchantments, extremely unstealthy
A: retaliatory headbutt, horns 2
a: no special abilities


You were on level 3 of the Dungeon.
You were not hungry.

You visited 1 branch of the dungeon, and saw 3 of its levels.

You collected 123 gold pieces.

Inventory:

Hand weapons
 a - a +0 flail (weapon)
Armour
 b - a +0 scale mail (worn)
 c - a +0 shield (worn)
Jewellery
 m - a +4 ring of protection {unknown}
 p - an uncursed amulet of clarity {unknown}
Scrolls
 g - a scroll of noise {unknown}
 h - a scroll of recharging {unknown}
 k - 5 scrolls of teleportation {unknown}
 l - 2 scrolls of remove curse {unknown}
 n - a scroll of random uselessness {unknown}
 r - a scroll of amnesia {unknown}
 s - a scroll of identify {unknown}
Potions
 d - a potion of might
 f - a potion of flight {unknown}
 i - a potion of curing {unknown}
 o - a potion of resistance {unknown}
Comestibles
 e - 3 bread rations
 j - a slice of pizza
 q - a meat ration
 t - 2 chunks of flesh


   Skills:
 + Level 4.3 Fighting
 + Level 3.1 Maces & Flails
 + Level 4.5 Armour
 + Level 1.8 Dodging
 + Level 5.0 Shields


You had 4 spell levels left.
You didn't know any spells.

Dungeon Overview and Level Annotations

Branches:
Dungeon (3/15)

Altars:


Innate Abilities, Weirdness & Mutations

You reflexively headbutt those who attack you in melee.
You have a pair of horns on your head.


Message History

You are too injured to fight recklessly!
The orc hits you but does no damage. You block the orc priest's attack.
Items here: )) [ † a dagger; a robe; a falchion; an orc corpse You barely miss the orc priest.
The orc priest is moderately wounded.
The orc hits you with a hand axe.
* * * LOW HITPOINT WARNING * * *
You block the orc priest's attack. The orc hits you but does no damage.
Your shield and scale mail prevent you from hitting the orc priest.
The orc priest is moderately wounded.
The orc priest calls down the wrath of Beogh upon you.
Pain shoots through your body!
* * * LOW HITPOINT WARNING * * *
The orc barely misses you.
You sock the orc priest!
The orc priest is almost dead.
The orc priest invokes the aid of Beogh against you.
Something smites you!
You die...

## .# ##.# ...#+####
#........ #........
#........ #@o......
### #.o......
...##........
#..##.#...#+####
......(.........
..##.#.#....###
#.#.####.# #.#......#
##########
#.#......###..^......


You could see an orc priest and an orc.

Vanquished Creatures
  Ijyb (D:2)
  An orc wizard (D:3)
  2 adders
  2 worms (D:2)
  4 giant geckos
  An orc (D:3)
  4 bats (D:2)
  5 giant cockroaches (D:2)
  15 goblins
  3 hobgoblins
  2 jackals (D:2)
  5 ball pythons
  5 giant newts
  6 kobolds
  6 rats
62 creatures vanquished.

Notes
Turn   | Place    | Note
--------------------------------------------------------------
     0 | D:1      | karlkraus the Minotaur Fighter began the quest for the Orb.
     0 | D:1      | Reached XP level 1. HP: 19/19 MP: 0/0
   119 | D:1      | Reached XP level 2. HP: 27/27 MP: 1/1
   349 | D:1      | Reached skill level 4 in Armour
   508 | D:1      | Noticed an ogre
   612 | D:2      | Reached XP level 3. HP: 33/33 MP: 2/2
   819 | D:2      | Noticed Ijyb
   835 | D:2      | Killed Ijyb
   835 | D:2      | Reached skill level 1 in Dodging
   835 | D:2      | Reached XP level 4. HP: 40/40 MP: 3/3
  1482 | D:3      | Reached skill level 5 in Shields
  1482 | D:3      | Reached XP level 5. HP: 14/46 MP: 4/4
  1485 | D:3      | HP: 2/46 [orc priest/nerve-wracking pain (6)]
  1486 | D:3      | Killed from afar by an orc priest

Vault maps used:
D:1:      evilmike_arrival_come_back
D:2:      kennysheep_the_goblin_king, kennysheep_generic_room_14
D:3:      minitemple, st_stairs_14

Action                   |  1- 3 |  4- 6 || total
-------------------------+-------+-------++-------
Melee: Flail             |    99 |    53 ||   152
  Eat: Chunk             |       |     2 ||     2
